 Dungeon Crawl Stone Soup version 0.30.1-8-g117510f58f (webtiles) character file.

Game seed: 8320053698223324761

2156 Prykner the Cleaver (level 9, -1/52 HPs)
             Began as a Gargoyle Fighter on Sept 22, 2023.
             Slain by an orc warrior
             ... wielding a +0 glaive
              (4 damage)
             ... on level 6 of the Dungeon.
             The game lasted 00:17:53 (5534 turns).

Prykner the Cleaver (Gargoyle Fighter)              Turns: 5534, Time: 00:17:53

Health: -1/52      AC: 19    Str: 26    XL:     9   Next: 31%
Magic:  9/9        EV:  8    Int: 10    God:
Gold:   330        SH:  4    Dex:  7    Spells: 8/8 levels left

rFire   . . .        M - +6 mace of a bazaar {flame, Str+5 Dex-4 SInv}
rCold   . . .        c - +0 buckler
rNeg    + . .        C - +0 chain mail
rPois   ∞            (no helmet)
rElec   +            n - +0 cloak
rCorr   .            (no gloves)
SInv    +            D - +1 pair of boots
Will    .....        (no amulet) Stlth
                     (no ring)
HPRegen 0.28/turn    (no ring)
MPRegen 0.11/turn

%: no passive effects
@: invisible
A: sickness immunity, AC +6, negative energy resistance 1, electricity
resistance, torment resistance 1, petrification resistance
a: no special abilities


You were on level 6 of the Dungeon.
You visited 1 branch of the dungeon, and saw 6 of its levels.
You also visited: Sewer and Ossuary.

You collected 362 gold pieces.
You spent 32 gold pieces at shops.

Inventory:

Hand Weapons
 a - a +0 war axe
 q - a +1 spectral quarterstaff
 B - the +7 Throatcutter {drain, coup de grace}
   (You took it off Terence on level 3 of the Dungeon)
 H - a +2 mace of protection
 J - a +1 hand axe of freezing
 L - a +2 dagger of venom
 M - the +6 mace of a bazaar (weapon) {flame, Str+5 Dex-4 SInv}
   (You found it on level 5 of the Dungeon)

   Str:       It affects your strength (+5).
   Dex:       It affects your dexterity (-4).
   SInv:      It lets you see invisible.
 P - the +8 rapier of Tyehanie {vamp, Str+2}
   (You found it on level 5 of the Dungeon)

   Str:       It affects your strength (+2).
Missiles
 w - 6 poisoned darts (quivered)
 O - 6 silver javelins
 R - a curare-tipped dart
 S - 3 javelins
Armour
 b - a +0 scale mail
 c - a +0 buckler (worn)
 k - a +0 pair of boots
 n - a +0 cloak (worn)
 C - a +0 chain mail (worn)
 D - a +1 pair of boots (worn)
 U - a +2 robe of fire resistance
Magical Staves
 V - a staff of fire
Wands
 t - a wand of quicksilver (2)
 y - a wand of mindburst (3)
 T - a wand of roots (11)
Scrolls
 e - 3 scrolls of fear {unknown}
 f - a scroll of butterflies {unknown}
 g - a scroll of poison {unknown}
 j - 4 scrolls of identify {unknown}
 l - 7 scrolls of teleportation {unknown}
 o - a scroll of noise {unknown}
 p - 2 scrolls of blinking {unknown}
 u - 3 scrolls of enchant weapon {unknown}
 v - 2 scrolls of torment {unknown}
 x - 2 scrolls of brand weapon {unknown}
 F - a scroll of amnesia {unknown}
 N - a scroll of immolation {unknown}
Potions
 d - a potion of might
 h - 3 potions of curing
 i - 3 potions of heal wounds {unknown}
 m - 3 potions of ambrosia {unknown}
 r - a potion of berserk rage {unknown}
 s - 3 potions of haste
 z - 4 potions of magic
 A - a potion of lignification {unknown}
 E - a potion of resistance {unknown}
 G - 4 potions of degeneration {unknown}
 I - a potion of mutation {unknown}
 Q - a potion of cancellation {unknown}


   Skills:
 - Level 3.9 Fighting
 + Level 10.8 Axes
 - Level 3.7 Armour
 - Level 0.5 Dodging
 - Level 0.3 Stealth
 - Level 3.6 Shields


You had 8 spell levels left.
You didn't know any spells.
Your spell library contained the following spells:

 Spells                   Type           Power      Damage    Failure   Level
 Kiss of Death            Conj/Necr      0%         2d5       92%         1
 Poisonous Vapours        Pois/Air       0%         N/A       98%         2
 Confusing Touch          Hex            0%         N/A       100%        3
 Mephitic Cloud           Conj/Pois/Air  0%         N/A       100%        3
 Dispel Undead            Necr           0%         3d6       100%        4
 Freezing Cloud           Conj/Ice/Air   0%         6-21      100%        5


Dungeon Overview and Level Annotations

Branches:
Dungeon (6/15)              Sewer (visited)         Ossuary (visited)
 Temple: D:4-7

Altars:
Dithmenos

Shops:
D:1 (   D:5 (*

Annotations:
D:3 2 transporters, SnailSD's ghost, amateur MiBe
D:6 2 transporters, Onni's ghost, novice TrBe


Innate Abilities, Weirdness & Mutations

You are immune to sickness and miasma.
Your stone body is resilient. (AC +6)
You are immune to poison.
You resist negative energy. (rN+)
You are resistant to electric shocks. (rElec)
You are resistant to unholy torment.
You are immune to petrification.


Message History

The orc priest mumbles some strange prayers to Beogh against you.
Beogh smites you!
The orc priest mumbles some strange prayers to Beogh against you.
Beogh smites you!
The orc priest hits you but does no damage.
The white imp hits you but does no damage.
You closely miss the orc priest.
The orc priest hits you but does no damage.
The white imp barely misses you. The orc barely misses you.
You thump the orc priest! You burn the orc priest.
You kill the orc priest!
The orc barely misses you.
The white imp hits you but does no damage.
The white imp attacks as you move away!
The white imp hits you but does no damage.
You hit the white imp. You burn the white imp.
The white imp is heavily wounded.
The white imp barely misses you.
You fade into invisibility!
The white imp gestures at you. The puff of frost misses you.
The orc warrior shoots a bolt.
The bolt closely misses the white imp.
The bolt hits you but does no damage.
You hit the white imp. You burn the white imp.
You kill the white imp!
You catch the helpless orc warrior completely off-guard!
You hit the orc warrior but do no damage.
The orc warrior unwields a +0 arbalest.
The orc warrior wields a +0 glaive.
The orc warrior barely misses you.
You barely miss the orc warrior.
The orc warrior hits you with a +0 glaive!
* * * LOW HITPOINT WARNING * * *
You hit the orc warrior. You burn the orc warrior.
The orc warrior is lightly wounded.
The orc warrior hits you with a +0 glaive!
* * * LOW HITPOINT WARNING * * *
You feel better.
The orc hits you from afar with a +0 trident.
* * * LOW HITPOINT WARNING * * *
The orc warrior hits you with a +0 glaive.
You die...

...... #.#.#.# $..#
#####...#.#.#
#.#####.#####.o.........#
#...........oo#####.###..##
######)####### ##.##.....
#.# #.....# #######.#
#####.#####.
.....?.)######.[...#55..#
#######.oo@.....#.##...#.
########....#......#.
#.##.#5.##..©.
#.##.#.5...#..
#.##.##.##..=#
#.#...#....$5$
#.#.#.##..####
#.#.#..####.©.
#.#.##........


You could see an orc warrior (unable to see you) and an orc (unable to see you).

Vanquished Creatures
  Prince Ribbit (D:6)
  Grinder (D:6)
  Duvessa (D:5)
  A black bear (D:6)
  An ice beast (D:6)
  An ogre (D:5)
  A phantom (D:5)
  A kobold brigand (D:6)
  Blork the orc (D:6)
  An elf zombie (Ossuary)
  A bullfrog (D:6)
  3 wights (D:6)
  Dowan (D:5)
  2 howler monkeys
  3 centaur zombies (Ossuary)
  An orc priest (D:6)
  A human zombie (Ossuary)
  2 jellies
  A hound (D:5)
  Ijyb (D:3)
  Terence (D:3)
  5 iguanas
  3 mummies
  3 gnolls (D:5)
  10 adders
  3 river rats (Sewer)
  A white imp (D:6)
  An adder zombie (Ossuary)
  3 worms
  3 dart slugs
  12 orcs
  10 ball pythons
  7 bats
  5 endoplasms
  3 giant cockroaches (D:6)
  6 goblins
  10 hobgoblins
  5 jackals
  15 kobolds
  6 quokkas
  12 frilled lizards
  4 goblin zombies
  8 hobgoblin zombies
  14 kobold zombies (Ossuary)
  6 orc zombies (Ossuary)
  8 rats
  A rat zombie (Ossuary)
191 creatures vanquished.

Notes
Turn   | Place    | Note
-------+----------+-------------------------------------------
     0 | D:1      | Prykner the Gargoyle Fighter began the quest for the Orb.
     0 | D:1      | Reached XP level 1. HP: 14/14 MP: 1/1
    74 | D:1      | Found Qymujoxei's Weapon Shoppe.
   171 | D:1      | Reached XP level 2. HP: 19/19 MP: 2/2
   460 | D:1      | Reached skill level 2 in Axes
   541 | D:1      | Reached XP level 3. HP: 23/24 MP: 3/3
  1579 | D:2      | Reached XP level 4. HP: 25/29 MP: 4/4
  1832 | D:2      | Reached skill level 3 in Axes
  2222 | D:3      | Found a transporter.
  2231 | D:3      | Noticed SnailSD's ghost (amateur MiBe)
  2232 | D:3      | Noticed an ogre
  2234 | D:3      | Noticed an ogre
  2234 | D:3      | Noticed an ogre
  2237 | D:3      | Found a transporter.
  2284 | D:3      | Noticed Ijyb
  2287 | D:3      | Killed Ijyb
  2288 | D:3      | Reached XP level 5. HP: 33/33 MP: 5/5
  2321 | D:3      | Noticed Terence
  2326 | D:3      | Killed Terence
  2438 | D:3      | Reached skill level 4 in Axes
  3007 | D:4      | Reached XP level 6. HP: 38/38 MP: 6/6
  3106 | D:4      | Found a shadowy altar of Dithmenos.
  3654 | D:5      | Entered Level 5 of the Dungeon
  3683 | D:5      | Reached skill level 5 in Axes
  3714 | D:5      | Noticed Duvessa
  3716 | D:5      | Noticed Dowan
  3728 | D:5      | Killed Duvessa
  3729 | D:5      | Reached XP level 7. HP: 19/42 MP: 7/7
  3729 | D:5      | Killed Dowan
  3730 | D:5      | Reached skill level 6 in Axes
  3799 | D:5      | Identified the +6 mace of a bazaar {flame, Str+5 Dex-4
                  | SInv}
  3886 | D:5      | Identified the +8 rapier of Tyehanie {vamp, Str+2}
  3897 | D:5      | Found a sand-covered staircase.
  3914 | Ossuary  | Entered an ossuary
  4059 | Ossuary  | Reached skill level 7 in Axes
  4101 | Ossuary  | Reached XP level 8. HP: 29/48 MP: 8/8
  4361 | D:5      | Reached skill level 8 in Axes
  4433 | D:5      | Found Kebbany's CLEARANCE SALE!.
  4440 | D:5      | Bought a potion of magic for 32 gold pieces
  4443 | D:5      | Found Nedyann's Weapon Shop.
  4757 | D:6      | Reached skill level 9 in Axes
  4772 | D:6      | Found a transporter.
  4778 | D:6      | Noticed Onni's ghost (novice TrBe)
  4778 | D:6      | Noticed Grinder
  4783 | D:6      | Killed Grinder
  4839 | D:6      | Reached XP level 9. HP: 13/52 MP: 9/9
  4890 | D:6      | Noticed Blork the orc
  4902 | D:6      | Killed Blork the orc
  4903 | D:6      | Reached skill level 10 in Axes
  4908 | D:6      | Noticed Prince Ribbit
  4912 | D:6      | HP: 2/52 [Prince Ribbit (14)]
  4917 | D:6      | Killed Prince Ribbit
  4926 | D:6      | Found a glowing drain.
  4958 | Sewer    | Entered a sewer
  5475 | D:6      | Found a transporter.
  5534 | D:6      | Slain by an orc warrior

Illustrated notes

Levels and vault maps discovered:
D:1:      minmay_arrival_cross, layout_loops_corners, serial_shops,
          nicolae_shop_hallway_stairs, kennysheep_minor_cross,
          minmay_crystal_room
D:2:      layout_loops_corners
D:3:      minmay_evil_eye, layout_basic, gammafunk_ghost_smash, uniq_terence,
          uniq_ijyb
D:4:      layout_basic, mainiacjoe_overflow_alcove_1, minmay_cupped
D:5:      layout_loops_ring, nicolae_ossuary_entry_giza, serial_shops, shop,
          minivault_4, nicolae_shop_clearance, uniq_duvessa
D:6:      layout_loops_ring, lemuel_doored_altar, portal_sewer_entry_f,
          gammafunk_ghost_stat_death, uniq_grinder, uniq_blork_the_orc,
          uniq_prince_ribbit1

Skill      XL: |  1  2  3  4  5  6  7  8  9 |
---------------+----------------------------+-----
Axes           | 2 3 4 5 7 9 10 | 10.8
Fighting       | |  3.9
Armour         | |  3.7
Dodging        | |  0.5
Stealth        | |  0.3
Shields        | |  3.6

Action                     |  1- 3 |  4- 6 |  7- 9 || total
---------------------------+-------+-------+-------++-------
  Melee: War axe           |   140 |    70 |       ||   210
         Long sword        |       |    65 |    12 ||    77
         Mace              |       |       |   210 ||   210
         Rapier            |       |       |    23 ||    23
  Throw: Dart              |       |     5 |       ||     5
  Evoke: Wand              |       |     5 |     9 ||    14
    Use: Potion            |       |     3 |     7 ||    10
   Stab: Invisible         |       |       |     1 ||     1
 Armour: Scale mail        |    81 |    32 |       ||   113
         Chain mail        |       |    36 |   142 ||   178
  Dodge: Dodged            |    64 |    59 |    88 ||   211
  Block: Buckler           |    26 |    30 |    34 ||    90
